Map: Ghost River LE

Players

jeannysu - Winner!

  • Race: Zerg Zerg
  • Spawn Location: 1:00

치터 칸 (가장 어려움)

  • Race: Protoss Protoss
  • Spawn Location: 11:00

VOD

Have the link to the VOD?

Description

Time

  • Played on: Oct. 13, 2025, 11:08 a.m.
  • Length: 43:21
Show
View Real Time Build Order
Export as new Build Order

jeannysu Zerg - Winner!

Build Orders: Hatch First, Lurkers 

Get SALT Encoding   

  12  0:00  Drone  
  13  0:08  Drone  
  13  0:14  Extractor  
  13  0:15  Drone  
  15  0:22  Overlord  
  15  0:42  Drone  
  16  0:47  Hatchery  
  15  0:51  Drone  
  15  0:55  Drone  
  17  0:58  Drone  
  18  1:09  Extractor  
  17  1:15  Spawning Pool  
  16  1:18  Drone  
  16  1:21  Drone  
  18  1:27  Drone  
  19  1:36  Drone  
  20  1:47  Overlord  
  20  2:04  Queen x2  
  20  2:06  Zergling x4  
  26  2:11  Drone x2  
  28  2:18  Metabolic Boost  
  28  2:21  Drone  
  29  2:24  Drone  
  30  2:43  Hatchery  
  29  2:46  Drone x3  
  29  2:48  Drone  
  33  2:56  Queen  
  35  3:01  Overlord  
  35  3:07  Drone  
  36  3:15  Overlord  
  37  3:20  Drone x6  
  37  3:23  Drone  
  43  3:31  Drone  
  44  3:40  Baneling Nest  
  43  3:44  Evolution Chamber  
  43  3:46  Zergling x10  
  47  3:56  Drone  
  47  4:00  Drone x3  
  51  4:04  Overlord x2  
  51  4:05  Overlord  
  51  4:10  Extractor  
  51  4:11  Extractor, Drone x3  
  51  4:16  Extractor  
  51  4:19  Lair  
  51  4:20  Overlord  
  51  4:22  Zergling x6  
  54  4:27  Queen  
  54  4:28  Drone x2  
  58  4:32  Drone  
  58  4:35  Drone x2  
  58  4:36  Drone x2  
  63  4:47  Drone x2  
  63  4:48  Drone  
  63  4:51  Drone  
  67  4:57  Queen  
  67  4:59  Zerg Melee Weapons Level 1  
  69  5:02  Queen  
  69  5:04  Baneling x2  
  69  5:05  Baneling x2, Zergling x2  
  72  5:14  Overlord x3  
  72  5:16  Drone x2  
  74  5:22  Drone x4  
  74  5:26  Drone x3  
  74  5:28  Drone  
  82  5:36  Infestation Pit  
  82  5:37  Zergling x8  
  82  5:40  Baneling x5  
  82  5:41  Zergling x2  
  86  5:53  Zergling x2  
  86  5:54  Zergling x14  
  94  6:12  Zergling x8  
  94  6:13  Zergling x6  
  101  6:21  Overlord x2  
  101  6:22  Overlord  
  101  6:23  Hive  
  101  6:27  Hydralisk Den  
  100  6:39  Zergling x2  
  101  6:40  Zergling x10  
  101  6:43  Drone, Evolution Chamber  
  101  6:45  Extractor, Queen  
  107  6:53  Zergling x2  
  107  6:54  Zergling x10  
  113  6:56  Baneling x5  
  113  6:57  Baneling x6  
  113  7:03  Drone  
  113  7:04  Extractor  
  113  7:05  Centrifugal Hooks  
  113  7:07  Zerg Ground Armor Level 1  
  113  7:08  Zerg Melee Weapons Level 2  
  113  7:10  Hydralisk x2  
  113  7:11  Hydralisk x3  
  113  7:14  Grooved Spines  
  123  7:18  Overlord x2  
  123  7:19  Overlord  
  123  7:37  Overseer, Hatchery  
  123  7:43  Hydralisk  
  123  7:44  Hydralisk x6  
  136  7:51  Drone x2  
  136  7:52  Drone  
  136  7:57  Infestor  
  141  8:01  Hydralisk x3  
  147  8:06  Baneling x4  
  147  8:25  Lurker Den  
  146  8:30  Ultralisk Cavern  
  146  8:31  Drone  
  146  8:32  Drone x8  
  146  8:33  Overlord  
  146  8:34  Overlord x3  
  154  8:57  Zergling x4  
  154  8:58  Zergling x22  
  154  9:00  Hydralisk  
  169  9:03  Muscular Augments  
  169  9:07  Zerg Ground Armor Level 2  
  169  9:12  Drone x6  
  169  9:13  Queen  
  177  9:18  Extractor  
  177  9:20  Extractor  
  177  9:23  Zergling x2  
  177  9:24  Zergling x4  
  177  9:26  Zergling x2  
  177  9:30  Overseer  
  179  9:33  Hatchery  
  159  9:40  Hydralisk  
  159  9:41  Hydralisk x5  
  159  9:45  Zergling x8  
  154  9:48  Infestor  
  152  9:53  Hydralisk x3  
  158  10:06  Adrenal Glands  
  153  10:08  Hydralisk x5  
  159  10:15  Adaptive Talons  
  159  10:18  Lurker  
  156  10:27  Zergling x2  
  156  10:28  Zergling x28  
  132  10:40  Hydralisk x5  
  137  10:43  Zergling x2  
  138  10:55  Drone  
  138  10:56  Drone x4  
  143  11:01  Drone  
  144  11:06  Drone x7  
  144  11:07  Drone  
  144  11:09  Chitinous Plating  
  152  11:11  Unknown  
  152  11:12  Seismic Spines  
  152  11:14  Lurker x3  
  152  11:17  Zergling x10  
  160  11:20  Baneling x5  
  140  11:55  Hydralisk  
  140  11:56  Hydralisk x14  
  148  12:06  Lurker x2  
  148  12:07  Zergling x14  
  148  12:08  Zergling x6  
  154  12:28  Anabolic Synthesis  
  154  12:33  Zergling x14  
  154  12:34  Zergling x14  
  149  12:43  Hydralisk x10  
  142  12:47  Overseer x2  
  143  12:56  Zergling x2  
  143  12:57  Zergling x10  
  142  13:04  Ultralisk x3  
  153  13:10  Zergling x2  
  153  13:11  Zergling x4  
  150  13:17  Lurker x4  
  153  13:28  Hatchery  
  150  13:45  Zergling x10  
  150  13:46  Zergling x24  
  166  14:03  Overseer x3  
  166  14:07  Ultralisk  
  166  14:08  Overlord  
  166  14:09  Overlord x6  
  132  14:27  Lurker  
  132  14:29  Hydralisk  
  132  14:30  Hydralisk x14  
  154  14:41  Ultralisk  
  144  14:55  Zerg Melee Weapons Level 3, Zerg Ground Armor Level 3  
  144  14:57  Zergling x2  
  144  14:58  Zergling x16  
  133  15:23  Spire  
  133  15:24  Drone x12  
  133  15:25  Drone x6  
  133  15:27  Extractor  
  149  15:31  Extractor  
  133  15:51  Ultralisk x3  
  133  15:55  Hydralisk  
  133  15:56  Hydralisk x3  
  134  16:15  Hydralisk x6  
  134  16:16  Hydralisk x4  
  154  16:22  Extractor  
  153  16:27  Queen  
  153  16:30  Lurker x4  
  159  16:34  Zergling x22  
  159  16:35  Zergling x2  
  171  16:48  Lurker  
  171  16:49  Lurker x3  
  175  16:59  Zergling x18  
  175  17:00  Zergling x22  
  195  17:04  Baneling  
  195  17:05  Baneling x8  
  195  17:23  Queen  
  195  17:29  Overlord  
  197  17:30  Overlord  
  197  17:35  Greater Spire  
  197  17:37  Overseer  
  197  17:44  Lurker x3  
  197  17:46  Overseer  
  200  17:56  Overseer  
  200  18:38  Extractor  
  199  18:52  Baneling x10  
  199  18:53  Baneling x12  
  196  19:00  Corruptor x2  
  197  19:11  Hydralisk x3  
  197  19:14  Lurker  
  197  19:15  Lurker x2  
  200  19:37  Zerg Flyer Weapons Level 1  
  158  19:55  Corruptor x10  
  152  20:29  Hatchery  
  151  20:41  Brood Lord  
  151  20:42  Brood Lord x9  
  139  20:53  Overseer x5  
  132  21:46  Extractor  
  120  21:47  Hatchery  
  120  21:49  Zergling x2  
  120  21:50  Zergling x32  
  120  21:51  Zergling x62  
  146  22:25  Spore Crawler  
  146  22:27  Spore Crawler  
  146  22:28  Spore Crawler  
  122  22:46  Spire  
  118  23:00  Spore Crawler  
  118  23:01  Spore Crawler  
  118  23:03  Spore Crawler  
  118  23:05  Spore Crawler x2  
  111  23:06  Spore Crawler  
  111  23:07  Spore Crawler  
  108  23:25  Spore Crawler  
  107  24:02  Hatchery  
  106  24:03  Corruptor x3  
  106  24:04  Corruptor x19  
  150  24:11  Queen  
  124  24:52  Corruptor  
  124  24:53  Corruptor x2  
  130  25:17  Greater Spire  
  130  25:34  Spore Crawler  
  129  26:04  Extractor  
  122  26:50  Brood Lord x5  
  128  27:04  Queen x4  
  136  27:14  Brood Lord  
  116  28:47  Brood Lord  
  116  28:48  Brood Lord x6  
  130  28:49  Corruptor  
  132  29:38  Zergling x12  
  133  29:39  Zergling x28  
  148  29:57  Corruptor x7  
  155  30:14  Corruptor  
  155  30:15  Corruptor  
  138  31:21  Corruptor x4  
  134  32:19  Zergling x14  
  134  32:20  Zergling x34  
  142  33:04  Zergling x4  
  142  33:05  Zergling x26  
  147  33:44  Brood Lord  
  147  33:45  Brood Lord x4  
  157  34:19  Corruptor  
  157  34:20  Corruptor  
  140  34:57  Zergling x2  
  140  34:58  Zergling x22  
  140  35:28  Zergling x16  
  142  35:49  Zergling x2  
  144  35:50  Zergling x14  
  144  35:53  Corruptor x4  
  136  36:24  Zergling x2  
  136  36:25  Zergling x22  
  120  37:12  Zergling x2  
  120  37:13  Zergling x22  
  127  38:04  Corruptor x3  
  127  38:05  Corruptor x4  
  141  38:22  Zergling x8  
  132  39:20  Brood Lord x2  
  131  39:33  Zergling x2  
  131  39:34  Zergling x4  
Show
View Real Time Build Order
Export as new Build Order

치터 칸 (가장 어려움) Protoss 

Build Orders: 1 Gate Expand, Double Forge, Chargelot Immortal 

Get SALT Encoding   

  12  0:00  Probe  
  13  0:13  Probe  
  14  0:19  Pylon  
  14  0:25  Probe  
  15  0:33  Probe  
  15  0:40  Assimilator  
  15  0:41  Probe  
  16  0:45  Gateway  
  17  0:51  Probe  
  17  0:54  Pylon  
  18  0:59  Probe  
  19  1:07  Probe  
  19  1:17  Probe  
  21  1:26  Nexus  
  21  1:29  Probe  
  22  1:35  Cybernetics Core  
  22  1:41  Probe  
  22  1:42  Zealot  
  25  1:52  Gateway  
  25  1:56  Pylon  
  25  2:00  Zealot  
  25  2:01  Probe  
  26  2:10  Assimilator  
  26  2:13  Probe  
  26  2:14  Warp Gate  
  29  2:25  Probe  
  29  2:26  Adept  
  29  2:29  Pylon  
  32  2:33  Probe  
  32  2:37  Probe  
  32  2:38  Sentry  
  32  2:41  Probe  
  36  2:49  Probe  
  38  2:51  Probe, Adept  
  38  2:52  Pylon  
  41  3:00  Robotics Facility  
  41  3:01  Adept  
  41  3:03  Probe  
  44  3:14  Gateway  
  44  3:16  Adept  
  44  3:21  Probe  
  44  3:22  Probe  
  48  3:28  Stalker  
  48  3:32  Probe  
  48  3:33  Probe  
  52  3:40  Probe  
  52  3:43  Stalker  
  52  3:45  Probe  
  56  3:48  Probe, Pylon  
  57  3:56  Sentry  
  57  3:57  Probe  
  57  4:00  Probe  
  61  4:02  Gateway  
  61  4:08  Stalker  
  61  4:09  Probe  
  64  4:11  Pylon  
  64  4:12  Probe  
  64  4:14  Pylon  
  65  4:21  Probe, Stalker  
  65  4:24  Stalker  
  70  4:29  Probe  
  70  4:31  Stalker  
  73  4:33  Probe  
  73  4:34  Pylon  
  74  4:41  Probe  
  74  4:42  Stalker  
  74  4:44  Stalker  
  80  4:45  Probe  
  80  4:48  Pylon  
  80  4:52  Forge  
  80  4:53  Probe  
  80  4:54  Stalker  
  80  4:55  Forge  
  80  4:56  Stalker  
  80  4:57  Probe  
  80  4:59  Stalker, Twilight Council  
  88  5:02  Pylon  
  88  5:05  Probe, Stalker  
  91  5:09  Probe  
  92  5:16  Adept, Pylon  
  92  5:17  Probe  
  92  5:19  Stalker x2  
  99  5:22  Probe  
  99  5:24  Stalker  
  102  5:29  Probe  
  102  5:31  Pylon  
  103  5:36  Zealot  
  103  5:38  Blink  
  103  5:40  Stalker  
  103  5:42  Stalker x2  
  111  5:43  Pylon  
  111  5:46  Assimilator  
  111  5:47  Pylon  
  111  5:49  Assimilator  
  111  5:50  Immortal  
  111  5:55  Nexus  
  111  5:57  Stalker  
  117  5:59  Zealot  
  117  6:03  Zealot  
  121  6:06  Adept  
  121  6:09  Protoss Ground Armor Level 1  
  121  6:10  Photon Cannon  
  123  6:12  Photon Cannon  
  123  6:13  Protoss Ground Weapons Level 1  
  123  6:14  Pylon  
  123  6:15  Zealot  
  125  6:20  Zealot  
  125  6:23  Zealot  
  129  6:26  Zealot  
  129  6:29  Immortal  
  135  6:35  Pylon, Zealot  
  135  6:38  Robotics Bay  
  135  6:39  Photon Cannon  
  137  6:40  Zealot  
  137  6:44  Zealot  
  137  6:46  Photon Cannon, Zealot  
  143  6:52  Gateway  
  143  6:56  Zealot  
  143  6:59  Pylon  
  143  7:00  Zealot x2  
  149  7:01  Warp Prism  
  149  7:05  Photon Cannon  
  149  7:08  Probe x3  
  151  7:10  Pylon  
  151  7:11  Zealot  
  151  7:13  Zealot  
  158  7:16  Assimilator, Zealot  
  158  7:20  Probe x3  
  158  7:22  Pylon  
  163  7:24  Assimilator  
  163  7:29  Nexus, Charge, Pylon  
  163  7:32  Probe, Photon Cannon  
  163  7:34  Probe, Immortal  
  163  7:35  Probe, Photon Cannon  
  166  7:37  Zealot  
  166  7:38  Photon Cannon  
  172  7:44  Probe  
  172  7:46  Probe  
  172  7:48  Probe  
  175  7:51  Forge  
  175  7:53  Robotics Facility  
  175  7:56  Probe  
  176  7:58  Probe  
  176  8:00  Probe, Protoss Shields Level 1  
  178  8:05  Immortal  
  178  8:07  Protoss Ground Armor Level 2  
  178  8:14  Protoss Ground Weapons Level 2  
  182  8:22  Photon Cannon  
  182  8:24  Gateway  
  182  8:35  Colossus  
  182  8:39  Colossus  
  188  8:44  Robotics Facility  
  188  8:47  Gravitic Drive  
  194  8:49  Assimilator  
  194  8:51  Pylon  
  194  8:53  Stargate  
  194  8:55  Immortal  
  194  8:56  Nexus, Assimilator  
  194  8:59  Photon Cannon  
  194  9:09  Resonating Glaives  
  194  9:12  Photon Cannon  
  194  9:14  Pylon  
  194  9:26  Observer  
  194  9:30  Observer  
  196  9:33  Observer  
  196  9:35  Photon Cannon  
  196  9:37  Zealot x5  
  196  9:38  Photon Cannon, Zealot  
  179  9:41  Photon Cannon  
  179  9:43  Colossus  
  129  9:48  Disruptor  
  129  9:51  Immortal  
  113  9:53  Adept  
  113  9:57  Stalker, Sentry, Zealot x2  
  113  9:58  Sentry  
  125  10:08  Stalker  
  125  10:09  Probe  
  127  10:16  Sentry  
  127  10:17  Stalker x2  
  127  10:18  Assimilator  
  127  10:19  Probe x3  
  127  10:20  Probe, Sentry  
  127  10:21  Adept  
  135  10:22  Nexus, Pylon  
  135  10:23  Probe, Disruptor  
  135  10:26  Photon Cannon  
  121  10:30  Probe, Colossus  
  121  10:31  Probe x3, Photon Cannon, Zealot  
  121  10:33  Sentry  
  121  10:35  Probe  
  132  10:37  Colossus  
  132  10:40  Stalker, Sentry  
  132  10:41  Zealot  
  144  10:43  Probe, Adept, Assimilator  
  144  10:45  Photon Cannon  
  144  10:47  Photon Cannon  
  147  10:50  Immortal  
  147  10:51  Pylon, Zealot  
  147  10:56  Zealot  
  147  10:57  Zealot  
  153  11:03  Adept x2  
  153  11:04  Stalker  
  163  11:11  Adept  
  163  11:12  Adept  
  163  11:14  Photon Cannon  
  163  11:15  Colossus, Photon Cannon  
  163  11:16  Adept  
  169  11:19  Zealot  
  169  11:23  Zealot  
  179  11:26  Zealot, Protoss Ground Weapons Level 3  
  179  11:28  Gravitic Boosters, Disruptor  
  179  11:31  Stalker, Immortal, Zealot  
  179  11:32  Adept  
  195  11:33  Protoss Shields Level 2  
  195  11:35  Protoss Ground Armor Level 3  
  195  11:49  Zealot  
  195  11:50  Pylon  
  195  11:51  Stalker  
  195  11:52  Stalker x2  
  195  11:53  Stalker  
  187  11:55  Stalker  
  187  11:57  Colossus  
  169  12:07  Warp Prism  
  175  12:09  Adept  
  175  12:10  Immortal  
  175  12:11  Sentry  
  175  12:12  Adept  
  175  12:13  Photon Cannon  
  104  12:15  Extended Thermal Lance, Adept  
  187  12:16  Zealot  
  187  12:18  Zealot  
  187  12:19  Pylon  
  193  12:27  Stalker  
  193  12:32  Zealot  
  193  12:33  Zealot  
  193  12:35  Zealot  
  193  12:36  Zealot  
  179  12:39  Stalker, Disruptor  
  179  12:41  Colossus  
  179  12:43  Photon Cannon, Immortal  
  171  12:45  Photon Cannon  
  171  12:47  Stalker, Photon Cannon  
  177  12:52  Adept  
  177  12:53  Zealot  
  177  12:56  Adept, Zealot  
  181  12:59  Templar Archives  
  181  13:02  Sentry x2  
  171  13:06  Gateway  
  171  13:12  Adept  
  171  13:13  Zealot  
  171  13:15  Immortal  
  171  13:16  Adept  
  171  13:17  Zealot  
  171  13:18  Warp Prism  
  181  13:24  Stalker  
  181  13:25  Sentry  
  181  13:26  Adept  
  189  13:29  Nexus  
  189  13:30  Psionic Storm  
  189  13:32  Colossus, Stalker  
  185  13:36  Adept  
  185  13:37  High Templar  
  185  13:38  Protoss Shields Level 3  
  185  13:40  Stalker  
  197  13:47  Zealot  
  185  13:48  Adept  
  185  13:54  Disruptor  
  191  13:55  Stalker  
  191  13:56  High Templar  
  191  13:59  Adept  
  191  14:00  Stalker  
  199  14:13  Disruptor, Zealot  
  199  14:14  Sentry  
  199  14:15  Zealot  
  199  14:18  High Templar  
  199  14:19  Stalker  
  199  14:20  Zealot  
  185  14:28  High Templar  
  177  14:33  High Templar, Zealot  
  177  14:34  Sentry  
  177  14:37  Zealot  
  179  14:42  Stalker  
  169  14:50  Adept  
  171  14:53  Adept  
  171  14:55  Colossus  
  171  14:56  Stalker  
  171  14:57  Colossus, Sentry, Zealot  
  187  15:00  Pylon  
  187  15:05  Stalker, Adept  
  187  15:11  Stalker  
  187  15:13  Adept  
  187  15:14  Adept  
  185  15:17  Adept  
  185  15:18  Adept  
  185  15:19  Stalker  
  189  15:25  Zealot  
  191  15:34  High Templar, Adept, Zealot, Sentry  
  199  15:37  Photon Cannon  
  199  15:45  High Templar  
  199  15:47  High Templar  
  199  15:50  High Templar  
  199  15:54  High Templar, Stalker  
  199  15:56  Zealot  
  197  15:57  High Templar  
  193  16:09  Stalker  
  195  16:17  Zealot  
  195  16:18  High Templar  
  199  16:20  Stalker  
  199  16:22  Stalker  
  191  16:26  Stalker  
  191  16:30  Sentry, Zealot  
  197  16:32  High Templar  
  199  16:54  Assimilator, Zealot  
  199  17:03  Assimilator  
  199  17:08  Immortal  
  199  17:09  Zealot  
  199  17:10  Zealot  
  199  17:11  Zealot  
  199  17:18  Zealot  
  199  17:19  Zealot  
  199  17:20  Zealot  
  199  17:21  Zealot  
  197  17:23  Zealot  
  199  17:56  Zealot  
  199  18:07  Zealot  
  199  18:10  Zealot  
  199  18:32  Zealot  
  199  18:33  Zealot  
  199  18:34  Zealot  
  199  18:42  Stalker  
  199  18:43  Stalker  
  199  18:44  Stalker, Zealot  
  199  18:45  Immortal  
  199  18:46  Stalker  
  199  18:48  Stalker  
  195  18:54  Stalker  
  193  18:57  Immortal  
  193  18:59  Stalker  
  191  19:04  Stalker x2, Archon  
  191  19:05  Stalker x2  
  191  19:09  Stalker  
  199  19:15  Stalker  
  199  19:23  Stalker x2  
  199  19:27  Stalker  
  199  19:37  Immortal  
  199  19:38  Immortal  
  199  19:40  Stalker  
  199  19:41  Stalker  
  199  19:42  Immortal  
  199  19:43  Sentry  
  199  19:44  Zealot  
  199  19:46  Stalker  
  199  19:50  Sentry  
  199  19:51  High Templar  
  173  19:58  Zealot  
  165  20:02  Stalker  
  165  20:03  Stalker  
  165  20:04  Adept  
  165  20:06  Stalker  
  169  20:09  Disruptor  
  169  20:11  Sentry  
  159  20:16  Disruptor  
  159  20:17  Zealot, Immortal  
  163  20:22  Stalker, Sentry  
  163  20:24  Stalker  
  163  20:26  Adept  
  163  20:27  Adept  
  175  20:29  Zealot  
  175  20:32  Immortal  
  173  20:37  Sentry, Adept  
  139  20:45  Zealot  
  139  20:46  Colossus, Adept  
  139  20:47  High Templar, Stalker  
  139  20:49  Stalker  
  147  20:56  Immortal  
  147  20:57  Sentry  
  159  20:58  Colossus  
  159  21:00  Sentry  
  161  21:05  Stalker  
  161  21:07  Sentry  
  161  21:11  Nexus, Stalker  
  171  21:12  Adept  
  171  21:14  Void Ray  
  171  21:16  Stalker  
  181  21:19  Zealot  
  181  21:22  Pylon  
  181  21:24  Zealot  
  185  21:28  Warp Prism  
  185  21:35  Warp Prism  
  187  21:45  Warp Prism  
  195  21:55  Immortal  
  195  21:57  Void Ray  
  187  22:04  Sentry  
  187  22:10  Stalker x3  
  187  22:12  Zealot  
  187  22:13  Zealot  
  187  22:14  Observer  
  187  22:15  Colossus, Stalker  
  187  22:21  Adept  
  157  22:26  Stalker  
  157  22:28  Colossus, Disruptor  
  137  22:32  Zealot  
  137  22:33  Zealot x3  
  155  22:37  Stalker  
  155  22:38  Zealot  
  155  22:40  Void Ray  
  149  22:47  Zealot  
  149  22:50  Adept  
  151  22:52  Stalker  
  151  22:53  Stalker  
  151  22:54  Stalker  
  151  22:58  Immortal, Zealot  
  151  23:00  Sentry  
  151  23:03  Colossus  
  151  23:04  Adept  
  157  23:08  Colossus, Stalker, Adept  
  161  23:17  Adept, Zealot  
  161  23:18  Zealot  
  171  23:21  Void Ray  
  171  23:23  Stalker  
  171  23:25  Sentry  
  181  23:29  Stalker  
  183  23:37  Disruptor  
  187  23:49  Void Ray  
  187  23:54  Sentry  
  187  23:55  Adept  
  195  24:19  Void Ray  
  195  24:24  Observer  
  189  24:31  Stalker  
  189  24:34  Stalker  
  189  24:35  Stalker  
  191  24:41  Stalker  
  191  24:42  Stalker x2, Observer  
  191  24:43  Stalker  
  183  24:51  Disruptor  
  183  24:52  Disruptor  
  165  24:54  Disruptor, Sentry  
  165  24:57  Stalker  
  165  24:58  Zealot  
  151  25:02  Void Ray  
  151  25:04  Zealot  
  151  25:05  Stalker x2  
  151  25:06  Adept  
  163  25:13  Sentry  
  165  25:15  Stalker  
  165  25:18  Adept  
  169  25:23  Colossus  
  169  25:24  Sentry  
  169  25:25  Sentry, Immortal  
  169  25:26  Stalker  
  169  25:27  Colossus  
  169  25:28  Adept  
  189  25:31  Stalker  
  189  25:33  Stalker  
  197  25:38  Zealot  
  197  25:40  Nexus  
  197  26:34  Void Ray  
  197  26:39  Nexus, Disruptor  
  199  26:41  Stalker x2  
  199  26:42  Stalker  
  199  26:43  Photon Cannon  
  199  26:45  Stalker  
  199  26:48  Stalker x2  
  199  26:50  Stalker  
  199  27:18  Assimilator  
  199  27:41  Pylon  
  195  27:44  Stalker  
  197  27:53  Void Ray, Stalker  
  197  27:55  Stalker  
  197  27:57  Stalker x2  
  191  28:02  Stalker x2  
  191  28:04  Stalker  
  189  28:10  Stalker  
  181  28:17  Colossus  
  181  28:18  Stalker  
  181  28:19  Photon Cannon  
  173  28:20  Stalker x2  
  173  28:22  Stalker  
  173  28:24  Colossus  
  173  28:25  Stalker, Pylon  
  173  28:26  Colossus  
  181  28:27  Stalker  
  181  28:28  Sentry  
  171  28:36  Void Ray  
  171  28:37  Stalker  
  171  28:40  Stalker  
  165  28:41  Sentry  
  165  28:43  Stalker x2  
  161  28:49  Stalker  
  161  28:50  Zealot  
  153  28:57  Stalker  
  153  29:00  Adept  
  153  29:01  Photon Cannon  
  147  29:03  Photon Cannon, Sentry x2  
  147  29:04  Photon Cannon, Adept  
  147  29:06  Zealot  
  147  29:07  Colossus  
  147  29:09  Void Ray  
  141  29:12  Stalker  
  141  29:15  Sentry  
  153  29:17  Disruptor  
  153  29:20  Immortal  
  153  29:21  Stalker  
  153  29:23  Stalker  
  162  29:24  Stalker  
  162  29:25  Zealot  
  162  29:26  Adept, Zealot  
  166  29:33  Stalker  
  165  29:42  Stalker  
  165  29:44  Sentry x2  
  166  29:45  Stalker  
  166  29:47  Stalker, Sentry  
  166  29:48  Immortal  
  166  29:49  Colossus, Nexus  
  166  29:52  Void Ray  
  166  29:53  Immortal  
  166  29:55  Stalker  
  166  29:59  Stalker  
  161  30:00  Zealot  
  161  30:05  Pylon  
  155  30:07  Adept  
  155  30:09  Stalker  
  155  30:11  Stalker, Sentry, Zealot  
  143  30:20  Adept  
  130  30:22  Colossus, Sentry  
  130  30:28  Sentry  
  138  30:31  Stalker  
  138  30:32  Nexus, Sentry  
  138  30:34  Stalker, Zealot  
  138  30:35  Void Ray  
  146  30:37  Pylon  
  146  30:40  Adept  
  134  30:43  Pylon, Immortal  
  134  30:46  Stalker x2  
  133  30:54  Stalker, Sentry  
  133  30:55  Stalker  
  130  30:57  Stalker  
  130  31:00  Zealot  
  130  31:04  Zealot  
  126  31:06  Photon Cannon  
  126  31:09  Adept  
  126  31:10  Sentry  
  120  31:17  Zealot  
  131  31:18  Stalker  
  131  31:19  Photon Cannon  
  131  31:20  Stalker, Adept  
  131  31:22  Disruptor, Pylon  
  131  31:23  Adept  
  131  31:24  Adept  
  125  31:27  Pylon  
  125  31:30  Zealot  
  115  31:37  Adept  
  115  31:39  Pylon, Adept  
  111  31:40  Stalker  
  111  31:42  Stalker  
  111  31:43  Stalker, Zealot  
  119  31:49  Pylon  
  119  31:53  Stalker, Zealot  
  113  31:54  Photon Cannon  
  113  31:56  Photon Cannon  
  113  31:57  Disruptor, Zealot  
  107  32:04  Stalker  
  107  32:05  Stalker  
  107  32:06  Zealot  
  107  32:07  Stalker  
  108  32:12  Sentry  
  108  32:14  Stalker  
  107  32:25  Stalker  
  107  32:26  Adept  
  107  32:28  Stalker x2  
  107  32:29  Stalker  
  117  32:33  Disruptor  
  117  32:37  Stalker  
  117  32:46  Stalker, Pylon  
  117  32:47  Stalker  
  117  32:48  Adept  
  121  32:51  Stalker  
  121  32:55  Stalker  
  121  33:02  Stalker, Pylon  
  121  33:04  Colossus  
  119  33:05  Pylon  
  119  33:07  Stalker  
  119  33:08  Zealot  
  119  33:10  Stalker, Photon Cannon  
  119  33:11  Stalker, Photon Cannon  
  121  33:15  Photon Cannon  
  121  33:17  Void Ray  
  112  33:22  Zealot  
  112  33:23  Stalker  
  112  33:25  Robotics Facility  
  116  33:27  Zealot x2  
  112  33:41  Stalker  
  112  33:42  Stalker x2  
  112  33:47  Stalker, Pylon  
  110  33:50  Gateway, Void Ray  
  110  33:51  Colossus  
  108  33:59  Zealot  
  112  34:03  Disruptor  
  112  34:05  Stalker  
  112  34:06  Stalker, Photon Cannon  
  112  34:08  Forge  
  116  34:10  Stalker  
  116  34:12  Forge  
  116  34:13  Zealot  
  116  34:14  Sentry  
  116  34:15  Robotics Facility  
  126  34:25  Templar Archives  
  126  34:28  Void Ray, Zealot  
  126  34:29  Zealot  
  126  34:31  Disruptor  
  134  34:33  Adept x2  
  134  34:37  Stalker  
  140  34:44  Stalker  
  124  34:46  Immortal  
  124  34:47  Photon Cannon  
  124  34:49  Stalker, Photon Cannon, Zealot  
  119  34:53  Stalker, Photon Cannon  
  119  34:54  Sentry  
  117  35:00  Sentry  
  117  35:01  Colossus  
  117  35:03  Immortal  
  117  35:05  Zealot  
  117  35:06  Void Ray  
  131  35:07  Stalker  
  131  35:09  High Templar  
  131  35:13  Pylon  
  133  35:14  Photon Cannon  
  133  35:16  High Templar  
  133  35:17  High Templar, Pylon  
  137  35:23  Sentry  
  141  35:30  Zealot  
  143  35:39  Immortal  
  143  35:41  High Templar  
  139  35:46  Adept  
  139  35:48  Zealot  
  139  35:49  Void Ray, Zealot  
  139  35:51  High Templar, Photon Cannon  
  139  35:53  Pylon  
  139  35:56  Immortal  
  137  35:59  Photon Cannon  
  123  36:06  High Templar  
  123  36:07  Stalker  
  123  36:08  High Templar  
  123  36:09  Zealot  
  117  36:12  Immortal  
  117  36:14  Zealot  
  101  36:19  Photon Cannon  
  101  36:23  Pylon  
  85  36:25  Photon Cannon  
  85  36:27  Adept  
  85  36:29  Gateway, Immortal, Zealot  
  85  36:32  Void Ray  
  83  36:33  Stalker  
  83  36:39  Zealot  
  79  36:41  Immortal, Zealot  
  73  36:47  Zealot  
  73  36:50  Zealot  
  73  36:53  Cybernetics Core  
  71  36:57  Zealot  
  71  37:04  Warp Prism  
  71  37:05  Void Ray  
  71  37:07  Zealot  
  73  37:10  High Templar  
  81  37:17  High Templar  
  81  37:20  Warp Prism  
  82  37:23  High Templar  
  82  37:26  Pylon  
  65  37:36  Photon Cannon  
  56  37:39  Probe  
  56  37:40  Probe, Immortal  
  56  37:43  High Templar  
  43  37:46  Immortal  
  43  37:48  Void Ray  
  43  37:49  Zealot  
  34  37:52  Probe x2  
  34  38:02  Photon Cannon  
  34  38:04  Probe x2  
  30  38:10  Zealot  
  26  38:13  Probe  
  26  38:15  Zealot  
  26  38:16  Probe, Zealot  
  26  38:17  Pylon  
  26  38:18  Warp Prism  
  28  38:21  Probe  
  28  38:25  Nexus, Warp Prism  
  35  38:28  Probe  
  35  38:30  Probe, Zealot  
  35  38:31  Void Ray  
  39  38:36  High Templar, Photon Cannon  
  37  38:42  Pylon  
  37  38:45  Probe, Pylon  
  30  38:50  Zealot  
  30  38:55  Pylon, Immortal  
  32  38:57  Probe  
  32  39:01  Immortal  
  32  39:02  Photon Cannon  
  36  39:06  Photon Cannon  
  36  39:08  Pylon  
  36  39:09  Probe, Zealot  
  43  39:11  Zealot  
  43  39:14  Void Ray  
  43  39:15  Photon Cannon  
  45  39:18  Probe  
  45  39:22  Pylon  
  45  39:26  Pylon  
  46  39:31  Zealot  
  46  39:34  Immortal  
  46  39:37  Probe, Pylon  
  52  39:39  Pylon  
  52  39:40  Immortal  
  56  39:47  Zealot  
  56  39:49  Probe  
  56  39:51  Pylon  
  51  39:54  Pylon  
  51  39:56  Cybernetics Core  
  51  39:57  Void Ray  
  47  40:00  Assimilator  
  47  40:01  Probe, Zealot  
  47  40:05  Pylon  
  42  40:08  Pylon  
  42  40:09  Immortal  
  42  40:12  Photon Cannon  
  42  40:13  Probe  
  47  40:15  Forge  
  47  40:17  Gateway  
  47  40:19  Immortal  
  49  40:21  Zealot  
  49  40:25  Probe, Pylon  
  49  40:28  Forge  
  51  40:33  Photon Cannon  
  53  40:36  Twilight Council  
  53  40:39  Probe, Pylon  
  53  40:40  Void Ray  
  53  40:42  Stalker, Warp Prism  
  55  40:47  Pylon  
  57  40:51  Pylon  
  50  40:57  Probe  
  43  41:04  Zealot  
  39  41:33  Pylon  
  34  41:42  Pylon  
  33  41:55  Photon Cannon  
  33  41:56  Photon Cannon  
  33  42:01  Probe  
  27  42:13  Probe  
  26  42:17  Pylon  
  26  42:21  Forge  
  26  42:25  Probe  
  26  42:27  Pylon  
  27  42:37  Probe  
  27  42:39  Gateway  
  28  42:45  Probe  
  28  42:50  Pylon  
  29  42:51  Gateway  
  28  43:10  Pylon  
Tags
 
Add a new tag
Caveats
  • Supply blocks, unpowered buildings, or Contaminate may cause inaccurate times.
  • Supply counts are checked every 10 seconds.